 Dungeon Crawl Stone Soup version 0.17.1-3-g152610e (webtiles) character file.

854 Jerry the Conjurer (level 7, -6/46 HPs)
             Began as a Mummy Air Elementalist on Apr 4, 2016.
             Mangled by an orc
             ... wielding a +0 flail
              (12 damage)
             ... on level 9 of the Dungeon.
             The game lasted 00:30:12 (5689 turns).

Jerry the Conjurer (Mummy Air Elementalist)         Turns: 5689, Time: 00:30:15

Health: -6/46      AC: 11    Str: 12      XL:     7   Next: 70%
Magic:  18/19      EV: 13    Int: 16      God:
Gold:   193        SH:  0    Dex: 10 (12) Spells: 2 memorised, 6 levels left

rFire  x . .     SeeInvis .     w - +1 rapier "Siver" {flame, MR+}
rCold  + . .     Clarity  .     a - +0 robe
rNeg   + + +     SustAt   .     (no shield)
rPois  ∞         Gourm    .     (no helmet)
rElec  .         Spirit   .     p - +2 cloak {rPois}
rCorr  .         Warding  .     t - +2 pair of gloves
rMut   .         Stasis   .     (no boots)
MR     +....                    (no amulet)
Stlth  +.........               o - ring of magical power
                                x - +3 ring of protection

@: confused, somewhat resistant to hostile enchantments, very unstealthy
A: no food or potions, fire vulnerability, cold resistance 1, negative energy
resistance 3, torment resistance, unbreathing
a: no special abilities


You were on level 9 of the Dungeon.
You were not hungry.

You visited 2 branches of the dungeon, and saw 9 of its levels.

You collected 193 gold pieces.

Inventory:

Hand Weapons
 r - a +2 quarterstaff of chaos
 w - the +1 rapier "Siver" (weapon) {flame, MR+}
   (You found it on level 5 of the Dungeon)

   It has been specially enchanted to burn those struck by it, causing extra
   injury to most foes and up to half again as much damage against particularly
   susceptible opponents.
   It affects your resistance to hostile enchantments.
Armour
 a - a +0 robe (worn)
 p - a +2 cloak of poison resistance (worn)
 t - a +2 pair of gloves (worn)
Jewellery
 c - a +5 ring of dexterity
 o - a ring of magical power (right hand)
 u - an uncursed ring of fire
 x - a +3 ring of protection (left hand)
Wands
 q - a wand of heal wounds (3)
Scrolls
 d - 2 scrolls of remove curse
 f - a scroll of blinking
 g - 9 scrolls of identify
 i - 4 scrolls of noise
 j - a scroll of recharging
 l - a scroll of enchant armour
Books
 b - a book of Air

   Spells                             Type                      Level
   a - Shock                          Conjuration/Air              1
   b - Swiftness                      Charms/Air                   2
   c - Repel Missiles                 Charms/Air                   2
   d - Static Discharge               Conjuration/Air              3
   e - Lightning Bolt                 Conjuration/Air              5


   Skills:
 + Level 4.5 Dodging
 - Level 1.5 Stealth
 - Level 2.0 Spellcasting
 + Level 5.8 Conjurations
 - Level 2.4 Air Magic


You had 6 spell levels left.
You knew the following spells:

 Your Spells              Type           Power        Failure   Level  Hunger
a - Shock                 Conj/Air       ##..         4%          1    N/A
b - Static Discharge      Conj/Air       ##......     12%         3    N/A

Dungeon Overview and Level Annotations

Branches:
Dungeon (9/15)             Temple (1/1) D:5
   Lair: D:8-11         Orc: D:9-12

Altars:
Ashenzari
Cheibriados
Elyvilon
Kikubaaqudgha
Nemelex Xobeh
Okawaru
Qazlal
Ru
Trog
Xom
The Shining One
Lugonu

Annotations:
D:8 Erica; riffraff's ghost, novice MiFi


Innate Abilities, Weirdness & Mutations

You do not eat or drink.
Your flesh is vulnerable to fire.
You are immune to poison.
Your flesh is cold resistant.
You are immune to negative energy.
You are immune to unholy pain and torment.
You can survive without breathing.


Message History

The orc closely misses you. The black bear bites you.
* * * LOW HITPOINT WARNING * * *
The black bear claws you but does no damage. x2
In your confused state, you trip and fall down the stairs.
* * * LOW HITPOINT WARNING * * *
You climb downwards.
A hound comes into view.
The hound barks!
Found a golden ring and 18 gold pieces.
There is a stone staircase leading up here.
Evoke which item? (* to show all) (? for menu, Esc to quit)
Zapping:
q - a wand of heal wounds (4)
Press: ? - help, Shift-Dir - straight line, f - you Nothing appears to happen.
This wand has 3 charges left.
The black bear bites you.
* * * LOW HITPOINT WARNING * * *
The black bear barely misses you.
The black bear claws you but does no damage.
The orc hits you with a flail!
You die...

### #.##
#.#
#....##.##
#h....h.o#
#@.#
#.....#
###.....
####.=..
......
......
.....
..$..


You could see a black bear, a hound and an orc.

Vanquished Creatures
  A phantom (D:5)
  An ogre (D:4)
  2 giant frogs (D:6)
  2 scorpions (D:5)
  A quasit (D:8)
  A centaur zombie (D:5)
  A hound (D:6)
  Crazy Yiuf (D:4)
  An orc wizard (D:5)
  5 worker ants
  9 adders
  A shadow imp (D:5)
  3 worms
  4 giant geckos
  6 orcs (D:5)
  A ball python (D:5)
  5 bats
  2 giant cockroaches
  7 goblins
  5 hobgoblins
  9 jackals
  A giant cockroach zombie (D:5)
  A giant gecko skeleton (D:4)
  2 giant newts (D:2)
  A jackal skeleton (D:4)
  7 kobolds
  A quokka zombie (D:5)
  7 rats
88 creatures vanquished.

Notes
Turn   | Place    | Note
--------------------------------------------------------------
     0 | D:1      | Jerry the Mummy Air Elementalist began the quest for the Orb.
     0 | D:1      | Reached XP level 1. HP: 13/13 MP: 3/3
   249 | D:1      | Reached skill level 1 in Conjurations
   535 | D:1      | Reached XP level 2. HP: 19/19 MP: 0/5
  1415 | D:2      | Reached XP level 3. HP: 15/24 MP: 2/6
  1801 | D:2      | Found a sparkling altar of Nemelex Xobeh.
  2334 | D:2      | Reached XP level 4. HP: 30/30 MP: 5/7
  2402 | D:2      | Reached skill level 3 in Conjurations
  3135 | D:3      | You fall through a shaft!
  3135 | D:4      | Noticed Crazy Yiuf
  3144 | D:4      | Killed Crazy Yiuf
  3144 | D:4      | Reached XP level 5. HP: 35/35 MP: 8/8
  3215 | D:4      | Reached skill level 4 in Conjurations
  3937 | D:4      | Noticed an ogre
  3959 | D:4      | Killed an ogre
  3959 | D:4      | Reached XP level 6. HP: 41/41 MP: 9/9
  4256 | D:4      | Got a crystal war axe
  4383 | D:5      | Entered Level 5 of the Dungeon
  4814 | D:5      | Found a shimmering altar of Xom.
  4815 | D:5      | Got a pitted rapier
  4816 | D:5      | Identified the cursed +1 rapier "Siver" {flame, MR+} (You found it on level 5 of the Dungeon)
  4828 | D:5      | Reached skill level 5 in Conjurations
  4907 | D:5      | Reached XP level 7. HP: 46/46 MP: 9/10
  4971 | D:5      | Learned a level 3 spell: Static Discharge
  5012 | D:5      | Found a staircase to the Ecumenical Temple.
  5021 | Temple   | Entered the Ecumenical Temple
  5194 | D:5      | Found a shimmering altar of Xom.
  5645 | D:6      | You fall through a shaft for 2 floors!
  5652 | D:8      | Noticed riffraff's ghost (novice MiFi)
  5655 | D:8      | Noticed Erica
  5660 | D:8      | Found a glowing golden altar of the Shining One.
  5689 | D:9      | Mangled by an orc

Action                   |  1- 3 |  4- 6 |  7- 9 || total
-------------------------+-------+-------+-------++-------
Melee: Whip              |    14 |       |       ||    14
       Dagger            |    25 |     4 |       ||    29
       Rapier            |       |     5 |     6 ||    11
 Cast: Shock             |    82 |   154 |    62 ||   298
Evoke: Wand              |       |       |     1 ||     1
  Use: Scroll            |       |       |    11 ||    11
